 Dungeon Crawl Stone Soup version 0.28.0-62-gf88900778d (webtiles) character file.

Game seed: 10917579376439607398

23 cbfl8 the Skirmisher (level 2, 0/24 HPs)
             Began as a Demonspawn Fighter on Sept 5, 2023.
             Slain by a worm (6 damage)
             ... on level 2 of the Dungeon.
             The game lasted 00:00:41 (1291 turns).

cbfl8 the Skirmisher (Demonspawn Fighter)           Turns: 1291, Time: 00:00:42

Health: 0/24       AC:  8    Str: 16    XL:     2   Next: 75%
Magic:  2/2        EV:  8    Int: 15    God:
Gold:   29         SH:  4    Dex: 12    Spells: 1/1 levels left

rFire   . . .      SeeInvis .   a - +0 war axe
rCold   . . .      Faith    .   c - +0 buckler
rNeg    . . .      Spirit   .   b - +0 scale mail
rPois   .          Reflect  .   (no helmet)
rElec   .          Harm     .   (no cloak)
rCorr   .          Rampage  .   (no gloves)
Will    .....                   (no boots)
Stlth   ..........              (no amulet)
HPRegen 0.08/turn               h - +6 ring of intelligence
MPRegen 0.08/turn               (no ring)

@: no status effects
A: icy blue scales 1
a: no special abilities


You were on level 2 of the Dungeon.
You visited 1 branch of the dungeon, and saw 2 of its levels.

You collected 29 gold pieces.

Inventory:

Hand Weapons
 a - a +0 war axe (weapon)
Armour
 b - a +0 scale mail (worn)
 c - a +0 buckler (worn)
Jewellery
 h - a +6 ring of intelligence (left hand)
Scrolls
 e - a scroll of enchant weapon {unknown}
 f - a scroll of identify {unknown}
Potions
 d - a potion of might
 g - a potion of curing {unknown}
 i - a potion of brilliance {unknown}


   Skills:
 + Level 3.2 Fighting
 + Level 2.0 Axes
 + Level 3.0 Armour
 + Level 2.9 Shields
 * Level 0.7 Evocations


You had one spell level left.
You didn't know any spells.
Your spell library contained the following spells:

 Spells                   Type           Power      Damage    Failure   Level
 Scorch                   Fire           0%         2d5       88%         2
 Flame Wave               Conj/Fire      0%         2d4       100%        4
 Summon Cactus Giant      Summ           0%         N/A       100%        6


Dungeon Overview and Level Annotations

Branches:
Dungeon (2/15)

Altars:


Innate Abilities, Weirdness & Mutations

You are partially covered in icy blue scales. (AC +2)


Message History

Unknown command.
Unknown command.
You hit the hobgoblin.
The hobgoblin is heavily wounded.
You hit the worm. The hobgoblin hits you. You block the hobgoblin's attack.
The worm bites you.
Unknown command.
You closely miss the hobgoblin.
The hobgoblin is heavily wounded.
You barely miss the worm. The hobgoblin barely misses you.
You hit the hobgoblin.
The hobgoblin is almost dead.
You hit the worm but do no damage. You block the hobgoblin's attack.
The worm barely misses you.
The hobgoblin hits you but does no damage.
There are monsters nearby!
You hit the hobgoblin but do no damage.
The hobgoblin is almost dead.
You slash the worm! You block the worm's attack.
The hobgoblin barely misses you.
There are monsters nearby!
You barely miss the hobgoblin.
The hobgoblin is almost dead.
You barely miss the worm. The hobgoblin hits you. The worm bites you.
There are monsters nearby!
You are too injured to fight recklessly!
There are monsters nearby!
You are too injured to fight recklessly!
There are monsters nearby!
You barely miss the hobgoblin.
The hobgoblin is almost dead.
You completely miss the worm. The hobgoblin hits you. x2
* * * LOW HITPOINT WARNING * * *
The worm barely misses you.
You hit the worm.
The worm is heavily wounded.
You hit the hobgoblin but do no damage.
The hobgoblin hits you but does no damage.
The worm bites you.
You die...

#######
.....## ....#
###..#####
#...<....#
?.!..#@.###.#
#.# #gw# ...#
....# #####.
.# .# .#


You could see a worm and a hobgoblin.

Vanquished Creatures
  A dart slug (D:1)
  3 bats (D:1)
  2 endoplasms (D:1)
  2 giant cockroaches (D:1)
  2 quokkas (D:1)
  A ball python (D:1)
  2 goblins (D:1)
  5 kobolds (D:1)
  5 rats (D:1)
23 creatures vanquished.

Vanquished Creatures (others)
  3 plants (D:1)
3 creatures vanquished.

Grand Total: 26 creatures vanquished

Notes
Turn   | Place    | Note
-------+----------+-------------------------------------------
     0 | D:1      | cbfl8 the Demonspawn Fighter began the quest for the Orb.
     0 | D:1      | Reached XP level 1. HP: 18/18 MP: 1/1
   273 | D:1      | Gained mutation: You are partially covered in icy blue
                  | scales. (AC +2) [demonic ancestry]
   273 | D:1      | Reached XP level 2. HP: 2/24 MP: 2/2
  1291 | D:2      | Slain by a worm

Illustrated notes

Levels and vault maps discovered:
D:1:      dpeg_arrival_more_subterranean_lakeside_camping, layout_loops_corners,
          chequers_serial_rivers_micro_b, serial_bayou_lake_a
D:2:      layout_loops_cross

Skill      XL: |  1  2 |
---------------+-------+-----
Armour         | 3 |  3.0
Axes           | 2 |  2.0
Fighting       | |  3.2
Shields        | |  2.9
Evocations     | |  0.7

Action                   || total
-------------------------++-------
Melee: War axe           ||    67
Armor: Scale mail        ||    35
Dodge: Dodged            ||    34
Block: Buckler           ||    22
